 Dungeon Crawl Stone Soup version 0.20-a0-848-g73d9be0 (webtiles) character file.

35 Alarkh the Skirmisher (level 3, 29/29 HPs)
             Began as a Demonspawn Fighter on Mar 9, 2017.
             Quit the game on level 2 of the Dungeon.
             The game lasted 00:00:56 (1122 turns).

Alarkh the Skirmisher (Demonspawn Fighter)          Turns: 1122, Time: 00:00:56

Health: 29/29      AC:  3    Str: 16    XL:     3   Next: 16%
Magic:  3/3        EV:  9    Int: 10    God:
Gold:   50         SH:  8    Dex: 12    Spells: 2/2 levels left

rFire    . . .     SeeInvis .   a - +0 long sword
rCold    . . .     Gourm    .   o - +0 robe {MR+}
rNeg     . . .     Faith    .   c - +0 shield
rPois    .         Spirit   .   (no helmet)
rElec    .         Reflect  .   r - +0 cloak
rCorr    .         Harm     .   (no gloves)
MR       +....                  (no boots)
Stlth    ++........             (no amulet)
Regen    0.1/turn               (no ring)
MPRegen  0.1/turn               (no ring)

@: no status effects
A: claws 1, nightstalker 1
a: no special abilities


You were on level 2 of the Dungeon.
You were not hungry.

You visited 1 branch of the dungeon, and saw 2 of its levels.

You collected 50 gold pieces.

Inventory:

Hand Weapons
 a - a +0 long sword (weapon)
Armour
 b - a +0 scale mail
 c - a +0 shield (worn)
 o - a +0 robe of magic resistance (worn)
 r - a +0 cloak (worn)
Wands
 j - a wand of disintegration (8/24)
Scrolls
 e - a scroll of noise {unknown}
 g - a scroll of fog {unknown}
 k - 2 scrolls of identify {unknown}
 l - a scroll of recharging {unknown}
 p - a scroll of enchant armour {unknown}
 q - a scroll of enchant weapon {unknown}
 u - a scroll of remove curse {unknown}
Potions
 d - 2 potions of might
 h - 2 potions of ambrosia {unknown}
 i - a potion of magic {unknown}
 m - a potion of heal wounds {unknown}
Comestibles
 f - 2 bread rations
 n - a fruit
 s - a meat ration
 t - 2 chunks of flesh


   Skills:
 + Level 3.2 Fighting
 * Level 2.2 Long Blades
 + Level 3.0 Armour
 + Level 0.6 Dodging
 + Level 3.0 Shields


You had 2 spell levels left.
You didn't know any spells.

Dungeon Overview and Level Annotations

Branches:
Dungeon (2/15)

Altars:


Innate Abilities, Weirdness & Mutations

You have sharp fingernails.
You are slightly more attuned to the shadows.


Message History

Your shield prevents you from hitting the bat.
You block the bat's attack. The bat closely misses you.
You closely miss the bat. The bat hits you. You block the bat's attack.
You barely miss the bat. You block the bat's attack.
A bat comes into view.
The bat hits you but does no damage.
You closely miss the bat. You block the bat's attack. x2
You slash the bat!
You kill the bat!
The bat barely misses you. You block the bat's attack.
Your shield prevents you from hitting the bat.
The bat misses you. You block the bat's attack. The bat closely misses you.
You riposte.
You slash the bat!
You kill the bat!
No target in view!
No target in view!
Are you sure you want to abandon this character and quit the game? (Confirm with "yes".)

#.......# #.# #..#
#.......# #.# ###.>#
#.......# #.# .....#
####...### #.# ##.###.#
....(..######.####...##.#
#..........##.#.>........
#.###..###.##........#>.#
..# #..###.##..<........#
..# #......###..@†..##.##
.## ###.##.###....#.# #
.# #.#......#...... .#
#.....##...##.##. .#
#.....###..# .# # .####
#....## #...... ....#
#....# #.###. #
###.###....# .# #
#.#......# .#


There were no monsters in sight!

Vanquished Creatures
  A dart slug (D:2)
  2 leopard geckos
  4 bats
  7 goblins
  5 hobgoblins
  3 frilled lizards (D:1)
  2 kobolds (D:1)
  4 rats (D:1)
28 creatures vanquished.

Notes
Turn   | Place    | Note
-------+----------+-------------------------------------------
     0 | D:1      | Alarkh the Demonspawn Fighter began the quest for the Orb.
     0 | D:1      | Reached XP level 1. HP: 18/18 MP: 1/1
   247 | D:1      | Gained mutation: You are slightly more attuned to the shadows. [demonic ancestry]
   247 | D:1      | Reached XP level 2. HP: 17/24 MP: 2/2
   914 | D:2      | Gained mutation: You have sharp fingernails. [demonic ancestry]
   914 | D:2      | Reached XP level 3. HP: 22/29 MP: 3/3
  1122 | D:2      | Quit the game

Vault maps used:
D:1:      lightli_arrival_noodles
D:2:      lexackson_kobold_supper

Skill      XL: |  1  2 |
---------------+-------+-----
Long Blades    | 2 |  2.2
Shields        | 3 |  3.0
Armour         | 3 |  3.0
Fighting       | |  3.2
Dodging        | |  0.6

Action                   || total
-------------------------++-------
Melee: Long sword        ||    88
 Stab: Sleeping          ||     2
  Eat: Chunk             ||     1
Armor: Scale mail        ||    23
       Robe              ||     5
Dodge: Dodged            ||    28
Block: Shield            ||    37
       Rpst.: Long sword ||     8
